 Dungeon Crawl Stone Soup version 0.31-a0-806-g0bc164a743 (webtiles) character file.

Game seed: 15308550294120070743

12997 rjrrt the Grappler (level 11, -7/109 HPs)
             Began as a Troll Gladiator on Sept 20, 2023.
             Was a High Priest of Okawaru.
             Mangled by a phantasmal warrior (32 damage)
             ... led by a death knight
             ... on level 11 of the Dungeon on Sept 21, 2023.
             The game lasted 00:24:04 (9826 turns).

rjrrt the Grappler (Troll Gladiator)                Turns: 9826, Time: 00:24:05

Health: -7/109     AC: 10    Str: 28    XL:     11   Next: 69%
Magic:  8/14       EV: 12    Int:  4    God:    Okawaru [*****.]
Gold:   769        SH:  0    Dex: 11    Spells: 10/10 levels left

rFire   . .          .
                       - Unarmed
rCold   . . .        (no shield)
rNeg    . . .        z - +0 steam dragon scales
rPois   .            b - +2 hat
rElec   .            (no cloak)
rCorr   .            (gloves unavailable)
SInv    .            (boots unavailable)
Will    .....        (no amulet)
Stlth   ++++         (no ring)
HPRegen 1.18/turn    (no ring)
MPRegen 0.14/turn

%: no passive effects
@: heroic, finesse-ful, slowed, very slow
A: large, unfitting armour, claws 3, regeneration 1, shaggy fur 1, tough skin 1
a: Renounce Religion, Heroism, Finesse, Duel


You were on level 11 of the Dungeon.
You worshipped Okawaru.
Okawaru was extremely pleased with you.
You visited 2 branches of the dungeon, and saw 12 of its levels.
You also visited: Sewer and Bailey.

You collected 769 gold pieces.

Inventory:

Hand Weapons
 l - a +3 flail of venom
 w - a +3 trident of draining
 G - a +0 broad axe
Missiles
 c - 3 throwing nets
 d - 3 large rocks
 E - 2 javelins (quivered)
Armour
 b - a +2 hat (worn)
 k - the +2 robe of the Cooper {rF- rC+++ Regen+ rCorr}
   (You found it on level 2 of the Dungeon)

   rF-:       It makes you vulnerable to fire.
   rC+++:     It renders you almost immune to cold.
   Regen+:    It increases your rate of health regeneration.
   rCorr:     It protects you from acid and corrosion.
 z - +0 steam dragon scales (worn)
Wands
 a - a wand of acid (11)
 v - a wand of polymorph (8)
 D - a wand of roots (23)
 F - a wand of mindburst (11)
Scrolls
 i - 2 scrolls of enchant weapon
 n - 2 scrolls of vulnerability
 r - a scroll of fog
 t - 2 scrolls of teleportation
 y - 3 scrolls of immolation
 B - 2 scrolls of revelation
 C - a scroll of poison
Potions
 e - 4 potions of curing
 f - a potion of attraction
 g - 2 potions of magic
 h - 3 potions of heal wounds
 j - a potion of might {unknown}
 m - 6 potions of haste
 o - 2 potions of brilliance
 p - 3 potions of invisibility {unknown}
 q - a potion of ambrosia
 s - 2 potions of enlightenment {unknown}
 u - a potion of berserk rage {unknown}
 x - a potion of cancellation {unknown}
 A - a potion of lignification {unknown}


   Skills:
 + Level 7.1(12.1) Fighting
 + Level 7.8(12.8) Throwing
 - Level 2.4(7.4) Dodging
 - Level 3.7(8.7) Stealth
 * Level 12.1(17.1) Unarmed Combat
 + Level 6.3 Invocations


You had 10 spell levels left.
You didn't know any spells.
Your spell library contained the following spells:

 Spells                   Type           Power      Damage    Failure   Level
 Freeze                   Ice            0%         1d3       50%         1
 Kiss of Death            Conj/Necr      0%         2d5       50%         1
 Confusing Touch          Hex            0%         N/A       86%         3
 Frozen Ramparts          Ice            0%         1d1       86%         3
 Hailstorm                Conj/Ice       0%         3d3       86%         3
 Volatile Blastmotes      Fire/Tloc      0%         2d10      86%         3
 Dispel Undead            Necr           0%         3d6       99%         4
 Fulminant Prism          Conj/Hex       0%         3d5       99%         4
 Iskenderun's Mystic Bla  Conj/Tloc      0%         2d3       99%         4
 Summon Ice Beast         Ice/Summ       Unusable   N/A       N/A         4
 Simulacrum               Ice/Necr       Unusable   N/A       N/A         6

Dungeon Overview and Level Annotations

Branches:
Dungeon (11/15)            Temple (1/1) D:5             Orc (0/2) D:9
  Sewer (visited)          Bailey (visited)
   Lair: D:8-11

Altars:
Ashenzari
Cheibriados
Dithmenos
Elyvilon
Fedhas
Gozag
Hepliaklqana
Kikubaaqudgha
Makhleb
Nemelex Xobeh
Okawaru
Qazlal
Ru
Sif Muna
Trog
Uskayaw
Vehumet
Wu Jian
Xom
Yredelemnul
Zin
The Shining One

Shops:
D:1 (

Annotations:
D:5 1 runed translucent door, Shayle's ghost, amateur OgHs


Innate Abilities, Weirdness & Mutations

You are too large for most types of armour.
You have claws for hands.
Your natural rate of healing is unusually fast.
You are covered in fur. (AC +1)
You have tough skin. (AC +1)


Message History

A wraith comes into view.
Unknown command.
You can now deal lightning-fast blows.
The death knight barely misses you.
Unknown command.
You claw the death knight!
The death knight is lightly wounded.
You mangle the death knight!!
The death knight is heavily wounded.
The death knight hits you but does no damage.
You barely miss the death knight.
The death knight is heavily wounded.
You mangle the death knight!!
The death knight is almost dead.
You mangle the death knight!!
You kill the death knight!
Okawaru is honoured by your kill.
Your base Unarmed Combat skill increases to level 12!
You barely miss the freezing wraith.
You completely miss the freezing wraith.
You claw the freezing wraith!
The freezing wraith is moderately damaged.
The freezing wraith closely misses you. The freezing wraith hits you!
The freezing wraith drains your vigour!
You feel yourself slow down.
You completely miss the freezing wraith.
You claw the freezing wraith!!
The freezing wraith is severely damaged.
You completely miss the freezing wraith.
The freezing wraith is severely damaged.
The freezing wraith closely misses you. The freezing wraith barely misses you.
You claw the freezing wraith!
You destroy the freezing wraith!
Okawaru accepts your kill. The wraith closely misses you.
The freezing wraith hits you! The freezing wraith freezes you!
* * * LOW HITPOINT WARNING * * *
The freezing wraith hits you.
* * * LOW HITPOINT WARNING * * *
The wraith hits you but does no damage. The phantasmal warrior hits you!!
You die...

#.#.# #.# #.#
#.# #.#.###.#
#.# #.#
#.....#.#
#.####.#
#.#.#.#.#
#......# #.#.#
######## #.#.#
#.#.#
#######.#W#.#.#
........@W....#
........#W#.###
#########.# .#
##


You could see a phantasmal warrior, a freezing wraith and a wraith.

Vanquished Creatures
  2 vault guards (Bailey)
  A boulder beetle (D:11)
  A death knight (D:11)
  3 two-headed ogres
  A cyclops (D:11)
  A black mamba (D:10)
  Jeremiah (D:7)
  An unseen horror (D:5)
  A freezing wraith (D:11)
  A komodo dragon (D:11)
  Prince Ribbit (D:5)
  A wolf spider simulacrum (D:11)
  Grinder (D:6)
  A blink frog (Bailey)
  A hornet (D:7)
  Sigmund (D:2)
  6 yaks (D:9)
  6 humans (Bailey)
  A steam dragon (D:7)
  Duvessa (D:7)
  A water moccasin (D:9)
  Pargi (Sewer)
  8 orc warriors
  A black bear (D:6)
  2 ice beasts
  A centaur (D:9)
  2 ogres
  2 kobold brigands
  11 bullfrogs
  6 scorpions
  4 wights (D:9)
  Dowan (D:7)
  A howler monkey (D:4)
  2 hounds
  2 gnoll boudas
  8 orc priests
  A sleepcap (D:8)
  4 iguanas
  6 orc wizards
  15 gnolls
  14 adders
  A shadow imp (D:5)
  A white imp (D:5)
  An ufetubus (D:5)
  3 worms
  5 dart slugs
  59 orcs
  8 ball pythons
  2 endoplasms (D:1)
  3 giant cockroaches
  9 goblins
  3 hobgoblins
  19 kobolds
  5 quokkas
  5 bats
  8 frilled lizards
  4 rats
262 creatures vanquished.

Vanquished Creatures (others)
  An orc wizard (D:5)
1 creature vanquished.

Grand Total: 263 creatures vanquished

Notes
Turn   | Place    | Note
-------+----------+-------------------------------------------
     0 | D:1      | rjrrt the Troll Gladiator began the quest for the Orb.
     0 | D:1      | Reached XP level 1. HP: 19/19 MP: 0/0
    36 | D:1      | Found Jyroikif's Weapon Shoppe.
   219 | D:1      | Reached XP level 2. HP: 23/28 MP: 1/1
   405 | D:1      | Found a faded altar of an unknown god.
   902 | D:2      | Found a broken altar of Ashenzari.
  1027 | D:2      | Reached XP level 3. HP: 35/35 MP: 2/2
  1149 | D:2      | Identified the +2 robe of the Cooper {rF- rC+++ Regen+
                  | rCorr}
  1463 | D:2      | Reached skill level 4 in Unarmed Combat
  1465 | D:2      | Reached XP level 4. HP: 38/42 MP: 3/3
  1488 | D:2      | Noticed Sigmund
  1568 | D:2      | Killed Sigmund
  1569 | D:2      | Reached skill level 5 in Unarmed Combat
  1569 | D:2      | Reached XP level 5. HP: 34/52 MP: 4/4
  1569 | D:2      | Reached XP level 6. HP: 39/59 MP: 5/5
  2277 | D:3      | Found a sacrificial altar of Ru.
  2278 | D:3      | Found a hazy altar of Hepliaklqana.
  3005 | D:4      | Found a burning altar of Makhleb.
  3082 | D:5      | Entered Level 5 of the Dungeon
  3197 | D:5      | Found a staircase to the Ecumenical Temple.
  3197 | D:5      | Noticed Prince Ribbit
  3213 | Temple   | Entered the Ecumenical Temple
  3238 | Temple   | Became a worshipper of Warmaster Okawaru
  3265 | D:5      | Killed Prince Ribbit
  3265 | D:5      | Reached * piety under Okawaru
  3266 | D:5      | Reached skill level 1 in Stealth
  3266 | D:5      | Reached skill level 6 in Unarmed Combat
  3266 | D:5      | Reached XP level 7. HP: 47/67 MP: 6/6
  3449 | D:5      | Found a hide-covered altar of Uskayaw.
  3513 | D:5      | Found a runed translucent door.
  3513 | D:5      | Noticed a two-headed ogre
  3513 | D:5      | Noticed Shayle's ghost (amateur OgHs)
  3563 | D:5      | Found a snail-covered altar of Cheibriados.
  3663 | D:5      | Found a glowing golden altar of the Shining One.
  3698 | D:5      | Reached skill level 1 in Invocations
  3733 | D:5      | Reached XP level 8. HP: 70/78 MP: 7/7
  3940 | D:5      | Killed an unseen horror
  3940 | D:5      | Reached ** piety under Okawaru
  3941 | D:5      | Reached skill level 7 in Unarmed Combat
  4361 | D:6      | Reached skill level 5 in Throwing
  4392 | D:6      | Reached skill level 8 in Unarmed Combat
  4477 | D:6      | Reached *** piety under Okawaru
  4478 | D:6      | Reached XP level 9. HP: 82/85 MP: 10/10
  4617 | D:6      | Noticed Grinder
  4627 | D:6      | Killed Grinder
  4757 | D:6      | Found a glowing drain.
  4766 | Sewer    | Entered a sewer
  4865 | Sewer    | Noticed Pargi
  4868 | Sewer    | Killed Pargi
  5081 | D:6      | Found a radiant altar of Vehumet.
  5283 | D:7      | Noticed Jeremiah
  5284 | D:7      | Noticed Duvessa
  5285 | D:7      | Noticed Dowan
  5301 | D:7      | Killed Duvessa
  5446 | D:7      | Paralysed by a hornet for 3 turns
  5452 | D:7      | Reached skill level 5 in Fighting
  5640 | D:7      | Reached skill level 9 in Unarmed Combat
  5644 | D:7      | Killed Dowan
  5747 | D:7      | Found a glowing silver altar of Zin.
  5971 | D:7      | Killed Jeremiah
  6522 | D:8      | Found the +11 Singing Sword {sonic wave}
  6535 | D:8      | Reached XP level 10. HP: 96/96 MP: 12/12
  6614 | D:8      | Reached **** piety under Okawaru
  7071 | D:9      | Found a staircase to the Orcish Mines.
  7259 | D:9      | Noticed a two-headed ogre
  7307 | D:9      | Killed a two-headed ogre
  7343 | D:9      | Reached skill level 10 in Unarmed Combat
  7413 | D:9      | Reached ***** piety under Okawaru
  7762 | D:9      | Noticed a two-headed ogre
  7805 | D:9      | Killed a two-headed ogre
  7806 | D:9      | Reached skill level 5 in Invocations
  7874 | D:9      | Received a gift from Okawaru
  7986 | D:9      | Found a shadowy altar of Dithmenos.
  7989 | D:9      | Found a broken altar of Ashenzari.
  7995 | D:9      | Found a shimmering blue altar of Sif Muna.
  7998 | D:9      | Found a stormy altar of Qazlal.
  8000 | D:9      | Found a white marble altar of Elyvilon.
  8005 | D:9      | Found a basalt altar of Yredelemnul.
  8286 | D:10     | Entered Level 10 of the Dungeon
  8317 | D:10     | Found a flagged portal.
  8329 | Bailey   | Entered a bailey
  8417 | Bailey   | Reached XP level 11. HP: 84/106 MP: 13/13
  8517 | Bailey   | Reached skill level 11 in Unarmed Combat
  8560 | Bailey   | Noticed a vault guard
  8593 | Bailey   | Killed a vault guard
  8613 | Bailey   | Noticed a vault guard
  8626 | Bailey   | Killed a vault guard
  8849 | D:10     | Noticed a two-headed ogre
  8864 | D:10     | Killed a two-headed ogre
  9114 | D:10     | Found a shimmering altar of Xom.
  9496 | D:10     | Noticed Sonja
  9498 | D:10     | Sonja changed into Sonja the black mamba
  9498 | D:10     | Noticed Sonja
  9506 | D:10     | Killed Sonja the black mamba
  9613 | D:11     | Noticed a boulder beetle
  9628 | D:11     | Killed a boulder beetle
  9714 | D:11     | Received a gift from Okawaru
  9809 | D:11     | Noticed a death knight
  9809 | D:11     | Noticed a phantasmal warrior
  9819 | D:11     | Killed a death knight
  9820 | D:11     | Reached skill level 12 in Unarmed Combat
  9826 | D:11     | Mangled by a phantasmal warrior

Illustrated notes

Levels and vault maps discovered:
D:1:      minmay_arrival_wavy_path, layout_basic,
          chequers_ecumenical_altar_grove, serial_shops, nicolae_shop_scrapyard
D:2:      cheibrodos_helix_gallery, layout_basic, basic_altar,
          grunt_ministairs_3, uniq_sigmund
D:3:      layout_loops_ring, mainiacjoe_overflow_catch_the_wave,
          minmay_quantized
D:4:      layout_cave_pools, lemuel_round_altar
D:5:      layout_basic, mainiacjoe_overflow_concentric_impassable,
          lemuel_crystal_altar, kennysheep_slug_shrine,
          minmay_temple_entry_mini_moons, ebering_ghost_inner_flame,
          abandoned_shop, minmay_misc_feat_iff, dk_noncrumbling_3,
          grunt_ministairs_1, minmay_divided_ellipse, uniq_prince_ribbit1
D:6:      layout_basic, fiery_altar_vehumet, cheibrodos_sewer_entry_bend,
          uniq_grinder
D:7:      layout_gridville, mainiacjoe_overflow_boulevard, uniq_jeremiah,
          uniq_duvessa
D:8:      old_forge, layout_basic
D:9:      layout_long_grid, nicolae_overflow_hallway_of_the_gods,
          hiddenorc2_lemuel, nicolae_figureground_sparkle
D:10:     layout_cave_pods, mainiacjoe_overflow_six_doors_small, enter_bailey_3,
          uniq_sonja
D:11:     layout_loops_ring, lair_entry_dummy, serial_shops,
          nicolae_shop_tiny_waterfront
Temple:   nicolae_temple_great_sept

Skill      XL: |  1  2  3  4  5  6  7  8  9 10 11 |
---------------+----------------------------------+-----
Throwing       | 2 3 4 5 6 7 |  7.8
Fighting       | 2 3 4 5 6 7 |  7.1
Unarmed Combat | 4 5 6 8 9 10 12 | 12.1
Stealth        | 1 2 3 |  3.7
Invocations    | 1 2 4 5 6 |  6.3
Dodging        | |  2.4

Action                     |  1- 3 |  4- 6 |  7- 9 | 10-12 || total
---------------------------+-------+-------+-------+-------++-------
  Melee: Unarmed           |    62 |   146 |   255 |   285 ||   748
         Punch             |       |     2 |    12 |    12 ||    26
  Throw: Dart              |       |    18 |    21 |    35 ||    74
         Javelin           |       |       |       |     2 ||     2
 Invoke: Heroism           |       |       |     4 |     6 ||    10
         Finesse           |       |       |       |     1 ||     1
  Evoke: Wand              |       |       |       |     5 ||     5
    Use: Scroll            |       |    10 |     8 |     3 ||    21
         Potion            |       |       |     1 |     1 ||     2
   Stab: Sleeping          |       |     1 |     6 |     6 ||    13
         Distracted        |       |       |     1 |       ||     1
 Armour: Robe              |    41 |    86 |    91 |       ||   218
         Steam dragon scal |       |       |    52 |   183 ||   235
         Troll leather arm |       |       |    45 |       ||    45
  Dodge: Dodged            |    26 |    53 |   118 |    99 ||   296

Table legend: (Time is in decaauts)
 A = Elapsed time spent in this place.
 B = Non-inter-level travel time spent in this place.
 C = Inter-level travel time spent in this place.
 D = Time resting spent in this place.
 E = Time spent auto-exploring this place.
 F = Levels seen in this place.
 G = Mean time per level.
                   A        B        C        D        E       F      G
               +--------+--------+--------+--------+--------+-----+--------+
         Total |   9689 |   9443 |    246 |    450 |   5736 |  14 |  692.1 |
       Dungeon |   9137 |   8891 |    246 |    414 |   5729 |  11 |  830.6 |
        Temple |     34 |     34 |      0 |      0 |      0 |   1 |   34.0 |
         Sewer |    157 |    157 |      0 |      0 |      0 |   1 |  157.0 |
        Bailey |    360 |    360 |      0 |     35 |      7 |   1 |  360.0 |
               +--------+--------+--------+--------+--------+-----+--------+

Top non-repeatable levels by time:
     D:9: 1233 daAuts
     D:5: 1149 daAuts
    D:10: 909 daAuts
     D:6: 908 daAuts
     D:2: 884 daAuts
     D:1: 870 daAuts
     D:8: 845 daAuts
     D:7: 792 daAuts
     D:3: 790 daAuts
     D:4: 517 daAuts
  Bailey: 360 daAuts
    D:11: 234 daAuts
   Sewer: 157 daAuts
  Temple: 34 daAuts
